 Dungeon Crawl Stone Soup version 0.29-a0-557-g43b9904bd1 (webtiles) character file.

Game seed: 15922990365199159932

18145 frimble the Basher (level 13, -1/143 HPs)
             Began as a Meteoran Ice Elementalist on June 9, 2022.
             Was a Priest of Ashenzari.
             Slain by a six-headed hydra (4 damage)
             ... on level 11 of the Dungeon.
             The game lasted 00:36:09 (6043 turns).

frimble the Basher (Meteoran Ice Elementalist)      Turns: 6043, Time: 00:36:09

Health: -1/143     AC: 29    Str: 11    XL:     13   Next: 21%
Magic:  22/27      EV: 13    Int: 22    God:    Ashenzari [***...]
Gold:   1352       SH:  0    Dex: 14    Spells: 17/30 levels left

rFire   . . .      SeeInvis +   u - +9 great mace "Gnostic Augurer" {vorpal, rPois Stlth+, Self, Evo} (curse)
rCold   . . .      Faith    .   (shield currently unavailable)
rNeg    + + .      Spirit   .   (body armour currently unavailable)
rPois   ∞          Reflect  .   (no helmet)
rElec   +          Harm     .   x - +2 cloak "Sun of the Lashed Sage" {Stlth+, Fort, Self} (curse)
rCorr   .          Rampage  .   (gloves currently unavailable)
Will    +....      Clarity  +   (boots currently unavailable)
Stlth   ++........              g - amulet of the acrobat
HPRegen 0.33/turn               l - ring of positive energy
MPRegen 0.20/turn               j - ring of the Esoteric Moon {Wiz, Melee, Cun} (curse)

@: statue-form, freezing walls, glowing, very slow
A: slow and powerful, torment resistance 1, boosted hp, sense surroundings 2,
otherworldly, glowing, explore regen
a: End Transformation, Renounce Religion, Shatter the Chains


You were on level 11 of the Dungeon.
You worshipped Ashenzari.
Ashenzari was most pleased with you.
You were a living statue of rough stone.
You visited 2 branches of the dungeon, and saw 12 of its levels.
You also visited: Ossuary and Bailey.

You collected 1352 gold pieces.

Inventory:

Hand Weapons
 c - a +0 dagger of freezing
 n - a +5 dire flail of freezing
 u - the cursed +9 great mace "Gnostic Augurer" (weapon) {vorpal, rPois Stlth+, Self, Evo}
   (You acquired it in a bailey)

   It inflicts extra damage upon your enemies.
   rPois:     It protects you from poison.
   Stlth:     It makes you more stealthy.
   It has a curse which improves the following skills: Introspection: Fighting
   and Spellcasting.
   Evocations: Evocations.
Armour
 a - a +0 pair of gloves (melded)
 f - the cursed +2 robe of the Perceptive Sun (melded) {rF+, Fort, Bglg}
   (You took it off a wight on level 6 of the Dungeon)

   It has a curse which improves the following skills: Fortitude: Armour and
   Shields.
   Beguiling: Conjurations, Hexes and Translocations.
 x - the cursed +2 cloak "Sun of the Lashed Sage" (worn) {Stlth+, Fort, Self}
   (You found it in a bailey)

   It has a curse which improves the following skills: Fortitude: Armour and
   Shields.
   Introspection: Fighting and Spellcasting.
 y - a +3 ring mail
 C - a +0 pair of boots (melded)
Jewellery
 g - an amulet of the acrobat (around neck)
 j - the cursed ring of the Esoteric Moon (right fist) {Wiz, Melee, Cun}
   (You found it on level 2 of the Dungeon)

   [ring of wizardry]

   It improves your spell success rate.
   It has a curse which improves the following skills: Melee Combat: Short
   Blades, Long Blades, Axes, Maces & Flails, Polearms, Staves and Unarmed
   Combat.
   Cunning:   Dodging and Stealth.
 l - a ring of positive energy (left fist)
 F - a ring of poison resistance
Wands
 d - a wand of polymorph (4)
 m - a wand of flame (15)
 q - a wand of digging (8)
 D - a wand of iceblast (6)
Scrolls
 h - a scroll of poison
 i - 5 scrolls of teleportation
 k - 2 scrolls of magic mapping
 s - 2 scrolls of fog
 t - 4 scrolls of identify
 A - a scroll of summoning
 E - a scroll of enchant armour
Potions
 b - 4 potions of magic
 e - a potion of cancellation
 o - 4 potions of resistance
 p - 3 potions of haste
 r - 6 potions of brilliance
 v - a potion of might
 w - a potion of lignification
 B - a potion of curing


   Skills:
 + Level 6.4(8.9) Fighting
 - Level 0.8(1.7) Short Blades
 + Level 13.7(15.2) Maces & Flails
 - Level 2.4(3.8) Dodging
 - Level 1.4(2.5) Stealth
 - Level 6.5(9.0) Spellcasting
 + Level 11.3 Transmutations
 - Level 9.1 Ice Magic
 + Level 11.3 Earth Magic
 + Level 3.0(4.4) Evocations


You had 17 spell levels left.
You knew the following spells:

 Your Spells              Type           Power      Damage    Failure   Level
a - Freeze                Ice            100%       1d11      1%          1
b - Frozen Ramparts       Ice            100%       1d12      1%          3
c - Ozocubu's Armour      Ice            50%        N/A       1%          3
d - Statue Form           Tmut/Erth      37%        N/A       4%          6

Your spell library contained the following spells:

 Spells                   Type           Power      Damage    Failure   Level
 Beastly Appendage        Tmut           100%       N/A       1%          1
 Wereblood                Tmut           56%        N/A       1%          2
 Spider Form              Tmut/Pois      34%        N/A       1%          3
 Lee's Rapid Deconstruct  Erth           28%        3d16*     1%          5
 Magic Dart               Conj           36%        1d4       2%          1
 Shock                    Conj/Air       36%        1d5       2%          1
 Leda's Liquefaction      Hex/Erth       17%        N/A       2%          4
 Searing Ray              Conj           18%        2d5       4%          2
 Hailstorm                Conj/Ice       30%        3d8       4%          4
 Swiftness                Air            9%         N/A       9%          3
 Airstrike                Air            4%         N/A       26%         4
 Fulminant Prism          Conj/Hex       4%         3d6       26%         4
 Iron Shot                Conj/Erth      17%        9d4       36%         6
 Fireball                 Conj/Fire      4%         3d4       56%         5
 Iskenderun's Battlesphe  Conj           9%         2d6       56%         5
 Conjure Ball Lightning   Conj/Air       4%         3x3d6     98%         6
 Orb of Destruction       Conj           4%         9d5       100%        7
 Spellforged Servitor     Conj/Summ      4%         N/A       100%        7


Dungeon Overview and Level Annotations

Branches:
Dungeon (11/15)            Temple (1/1) D:6            Lair (0/6) D:11
    Orc (0/2) D:9         Ossuary (visited)          Bailey (visited)

Altars:
Ashenzari
Cheibriados
Elyvilon
Fedhas
Gozag
Hepliaklqana
Kikubaaqudgha
Makhleb
Nemelex Xobeh
Okawaru
Qazlal
Ru
Sif Muna
Trog
Uskayaw
Vehumet
Wu Jian
Xom
Yredelemnul
Zin
The Shining One

Shops:
D:5 :

Annotations:
D:8 Amaemon


Innate Abilities, Weirdness & Mutations

You are a living statue of rough stone.
Your actions are slow, but your melee attacks are powerful.
You are resistant to unholy torment.
Your maximum health is greatly increased.
You are immune to poison.
Your equipment is partially melded.
You passively map the area around you.
You are easily found by Zot.
You glow in the dark.
You regain HP and MP as you explore.


Message History

The six-headed hydra bites you!
* * * LOW HITPOINT WARNING * * *
The six-headed hydra closely misses you.
The six-headed hydra bites you but does no damage.
You completely miss the six-headed hydra.
The six-headed hydra is severely wounded.
The six-headed hydra bites you but does no damage.
The six-headed hydra bites you!
* * * LOW HITPOINT WARNING * * *
The six-headed hydra bites you but does no damage.
The six-headed hydra closely misses you.
The six-headed hydra misses you.
The six-headed hydra closely misses you.
Okay, then.
Unknown command.
Unknown command.
Okay, then.
Okay, then.
Unknown command.
Unknown command.
Casting: Statue Form (dangerous; 4% risk of failure)
Confirm with . or Enter, or press ? or * to list all spells.
Casting: Frozen Ramparts (safe; 1% risk of failure)
Press: ? - help, Dir - look around, f - activate The walls around you are covered in ice.
The wall freezes the six-headed hydra.
The six-headed hydra bites you but does no damage.
The six-headed hydra closely misses you.
The six-headed hydra bites you but does no damage.
The six-headed hydra barely misses you. The six-headed hydra bites you.
* * * LOW HITPOINT WARNING * * *
The six-headed hydra barely misses you.
The shadow slips into darkness.
The shadow flickers and vanishes for a moment.
The wall freezes the six-headed hydra.
The six-headed hydra bites you but does no damage.
The six-headed hydra barely misses you. x2
The six-headed hydra bites you but does no damage. x2
The six-headed hydra bites you.
You die...

#### * #♣.♣#
#############. , *
,* ♣♣.♣♣ ♣♣.♣♣ ,*
## ,≈ *,
#♣...♣#♣...♣# * #
,≈ * ,*
#.....#.....# *, #
≈ *
*#♣...♣#..(..#*{*,
# * * * ,,
♣♣.♣♣#.)...#** * #
##♣'♣##....†# , #
≈ *,, ,
#..<..#♣...)##: ,
#### ≈≈,,
,+..8W8)...)...#8
#... , ≈ , ,
#..>D.#♣....##.#
#... , *
,,##♣'♣##.♣♣♣.#
.#*#... * **,, *
♣. #. .# * **####
≈, * * *♣, #.
,,.#*,* ** # * * *
,#. .#,* *, # * *
* #♣, ♣# ,* ## , *
* * *, ##. * ** **
###** ##..


You could see a six-headed hydra and a shadow (invisible).

Vanquished Creatures
  A fire giant (D:11)
  A boulder beetle (D:11)
  3 two-headed ogres
  An orc high priest (Bailey)
  Pikel (D:8)
  An orc sorcerer (Bailey)
  3 cyclopes (D:11)
  2 orc knights (Bailey)
  2 manticores (D:11)
  Maurice (D:8)
  3 meliai (D:9)
  A troll (D:11)
  A hornet (D:9)
  A shadow (D:11)
  2 humans
  19 yaks
  3 hogs (D:10)
  A steam dragon (D:8)
  Grum (D:9)
  2 acid dragons
  A black bear (D:4)
  3 sky beasts (D:6)
  2 ogres (D:6)
  13 orc warriors
  An ice beast (D:7)
  3 wolves (D:9)
  2 centaurs
  4 lemures (D:8)
  A phantom (D:5)
  An elf zombie (Ossuary)
  A kobold brigand (D:9)
  A bullfrog (D:4)
  A necrophage (D:6)
  A gnoll sergeant (D:11)
  4 scorpions
  6 wights
  15 killer bees
  3 howler monkeys (D:9)
  An electric eel (Bailey)
  A centaur zombie (Ossuary)
  A gnoll shaman (D:5)
  5 hounds
  2 jellies
  5 orc priests
  2 human zombies (Ossuary)
  4 orc wizards
  2 mummies (Ossuary)
  An adder (D:2)
  25 gnolls
  3 white imps
  2 ufetubi
  An adder zombie (Ossuary)
  2 worms (D:2)
  2 dart slugs
  32 orcs
  7 ball pythons
  6 endoplasms
  A giant cockroach (D:1)
  17 goblins
  9 hobgoblins
  2 jackals (D:2)
  15 kobolds
  3 quokkas
  2 bats (D:2)
  8 frilled lizards
  A goblin zombie (Ossuary)
  10 hobgoblin zombies (Ossuary)
  6 kobold zombies (Ossuary)
  6 orc zombies (Ossuary)
  4 rats
  2 rat zombies (Ossuary)
303 creatures vanquished.

Vanquished Creatures (collateral kills)
  An orc knight (Bailey)
1 creature vanquished.

Vanquished Creatures (others)
  A hornet (shapeshifter) (D:11)
  A gnoll sergeant (D:11)
  A fungus (D:1)
3 creatures vanquished.

Grand Total: 307 creatures vanquished

Notes
Turn   | Place    | Note
-------+----------+-------------------------------------------
     0 | D:1      | frimble the Meteoran Ice Elementalist began the quest for
                  | the Orb.
     0 | D:1      | Reached XP level 1. HP: 14/14 MP: 5/5
    54 | D:1      | Reached XP level 2. HP: 14/20 MP: 2/6
   268 | D:1      | Reached XP level 3. HP: 27/27 MP: 6/8
   273 | D:1      | Reached skill level 1 in Fighting
   318 | D:1      | Found a faded altar of an unknown god.
   501 | D:1      | Glimpsed the power of Zot.
   586 | D:2      | Reached XP level 4. HP: 17/35 MP: 4/9
   594 | D:2      | Learned a level 3 spell: Frozen Ramparts
   598 | D:2      | Learned a level 3 spell: Ozocubu's Armour
   610 | D:2      | Reached skill level 5 in Ice Magic
   639 | D:2      | Found a hazy altar of Hepliaklqana.
  1211 | D:3      | Found a hide-covered altar of Uskayaw.
  1306 | D:4      | Noticed a bullfrog
  1308 | D:4      | Noticed a black bear
  1315 | D:4      | Killed a bullfrog
  1316 | D:4      | Reached XP level 5. HP: 23/41 MP: 5/12
  1317 | D:4      | Killed a black bear
  1318 | D:4      | Reached skill level 5 in Spellcasting
  1318 | D:4      | Reached XP level 6. HP: 15/48 MP: 3/14
  1392 | D:4      | Noticed an ice beast
  1450 | D:5      | Entered Level 5 of the Dungeon
  1481 | D:5      | Reached XP level 7. HP: 28/55 MP: 9/16
  1620 | D:5      | Found a sand-covered staircase.
  1624 | Ossuary  | Entered an ossuary
  1722 | Ossuary  | Reached skill level 1 in Maces & Flails
  1722 | Ossuary  | Reached XP level 8. HP: 54/61 MP: 12/18
  1732 | Ossuary  | Reached skill level 2 in Maces & Flails
  1766 | Ossuary  | Reached skill level 3 in Maces & Flails
  1921 | D:5      | Found Netostif's Book Emporium.
  1976 | D:5      | Reached skill level 4 in Maces & Flails
  2226 | D:5      | Reached skill level 5 in Maces & Flails
  2315 | D:6      | Reached skill level 6 in Maces & Flails
  2342 | D:6      | Gained mutation: You passively map the area around you.
                  | [Meteoran growth]
  2342 | D:6      | Reached XP level 9. HP: 29/67 MP: 15/19
  2412 | D:6      | Identified the ring of Birdsong {rPois rF- MP+9 Str+6
                  | Int-3}
  2444 | D:6      | Reached skill level 7 in Maces & Flails
  2444 | D:6      | Found an iron altar of Okawaru.
  2504 | D:6      | HP: 1/59 [wight/+0 halberd (9)]
  2550 | D:6      | HP: 2/58 [wight/+1 vampiric trident (7)]
  2590 | D:6      | Found a glowing silver altar of Zin.
  2638 | D:6      | Learned a level 6 spell: Statue Form
  2690 | D:6      | Reached skill level 8 in Maces & Flails
  2695 | D:6      | Reached skill level 1 in Transmutations
  2695 | D:6      | Reached skill level 1 in Earth Magic
  2863 | D:6      | Found a staircase to the Ecumenical Temple.
  2880 | Temple   | Entered the Ecumenical Temple
  2981 | Temple   | Became a worshipper of Ashenzari the Shackled
  3231 | D:7      | Reached skill level 9 in Maces & Flails
  3231 | D:7      | Reached XP level 10. HP: 64/73 MP: 14/20
  3803 | D:8      | Noticed Pikel
  3811 | D:8      | Reached skill level 5 in Transmutations
  3811 | D:8      | Reached skill level 5 in Earth Magic
  3813 | D:8      | Reached skill level 10 in Maces & Flails
  3814 | D:8      | Killed Pikel
  3849 | D:8      | Noticed Maurice
  3862 | D:8      | Killed Maurice
  3948 | D:8      | Noticed Amaemon
  3948 | D:8      | Noticed an orange demon
  4028 | D:9      | Reached skill level 11 in Maces & Flails
  4028 | D:9      | Reached XP level 11. HP: 34/79 MP: 14/21
  4037 | D:9      | Found a flagged portal.
  4050 | Bailey   | Entered a bailey
  4072 | Bailey   | Reached * piety under Ashenzari
  4095 | Bailey   | Noticed an orc knight
  4095 | Bailey   | Noticed an orc knight
  4133 | Bailey   | Killed an orc knight
  4136 | Bailey   | Killed an orc knight
  4176 | Bailey   | Identified the cursed +2 robe of the Perceptive Sun {rF+,
                  | Fort, Bglg} (You took it off a wight on level 6 of the
                  | Dungeon)
  4213 | Bailey   | Noticed an orc knight
  4223 | Bailey   | Killed an orc knight
  4224 | Bailey   | Reached skill level 12 in Maces & Flails
  4312 | Bailey   | Identified the +3 whip of Ambiguity {freeze, *Slow rPois
                  | Will++ Stlth+}
  4325 | Bailey   | Identified a scroll of acquirement
  4329 | Bailey   | Acquired the +9 great mace "Wuiphis" {vorpal, rPois Stlth+}
  4409 | Bailey   | Found an iron altar of Okawaru.
  4409 | Bailey   | Noticed an orc high priest
  4409 | Bailey   | Noticed an orc sorcerer
  4418 | Bailey   | Killed an orc high priest
  4421 | Bailey   | Noticed a sixfirhy
  4425 | Bailey   | Killed an orc sorcerer
  4544 | D:9      | Found a staircase to the Orcish Mines.
  4715 | D:9      | Noticed Grum
  4723 | D:9      | Killed Grum
  4800 | D:9      | Reached XP level 12. HP: 88/88 MP: 13/22
  4886 | D:9      | Reached skill level 13 in Maces & Flails
  5035 | D:10     | Entered Level 10 of the Dungeon
  5047 | D:10     | Acquired 725 gold pieces
  5265 | D:10     | Noticed a two-headed ogre
  5276 | D:10     | Killed a two-headed ogre
  5359 | D:10     | Noticed a two-headed ogre
  5364 | D:10     | Killed a two-headed ogre
  5398 | D:10     | Reached skill level 10 in Earth Magic
  5400 | D:10     | Reached skill level 10 in Transmutations
  5496 | D:10     | Reached ** piety under Ashenzari
  5529 | D:11     | Found a staircase to the Lair.
  5553 | D:11     | Noticed a boulder beetle
  5555 | D:11     | Reached skill level 5 in Fighting
  5572 | D:11     | Killed a boulder beetle
  5752 | D:11     | Reached *** piety under Ashenzari
  5918 | D:11     | Reached skill level 1 in Evocations
  5935 | D:11     | Reached XP level 13. HP: 33/108 MP: 21/27
  5984 | D:11     | Noticed a two-headed ogre
  5985 | D:11     | Killed a two-headed ogre
  5995 | D:11     | Noticed a fire giant
  6003 | D:11     | Killed a fire giant
  6030 | D:11     | Identified Wefiker's Almanac of the Entourage
  6037 | D:11     | Noticed a six-headed hydra
  6042 | D:11     | HP: 6/143 [six-headed hydra (9)]
  6043 | D:11     | Slain by a six-headed hydra

Illustrated notes

Levels and vault maps discovered:
D:1:      amcnicky_arrival_wind_blow, layout_basic,
          shapermc_ecumenical_altar_acropolis
D:2:      layout_rooms, basic_altar, hex_large
D:3:      layout_basic, nicolae_uskayaw_dance_hall, columned_hall_lemuel,
          hangedman_decor_clover_reticule, kennysheep_generic_room_15,
          uniq_terence
D:4:      layout_rooms, mainiacjoe_overflow_brackets, serial_shops,
          nicolae_square_shop
D:5:      layout_loops_corners, lightli_ossuary_entry_decrepit_ruins,
          serial_shops, nicolae_stop_n_shop_2,
          nicolae_concentric_dashed_squares_mild, hellmonk_bongcloud_opening
D:6:      layout_rooms, okawaru_altar_gauntlet_db, zin_treasury,
          minmay_temple_entry_glass, minivault_10
D:7:      layout_loops_corners
D:8:      layout_loops_cross, uniq_amaemon, uniq_maurice, uniq_pikel
D:9:      layout_basic, erik_orc_4, enter_bailey_5, uniq_grum
D:10:     layout_basic, grunt_livestock, minivault_5
D:11:     nzn_winding_woodlands_stair_cross
          [nzn_winding_woodlands_5x15_sawtooth,
          nzn_winding_woodlands_center_diamonds,
          nzn_winding_woodlands_5x15_parted,
          nzn_winding_woodlands_5x5_open_star, nzn_winding_woodlands_5x5_cross,
          nzn_winding_woodlands_5x15_garden,
          nzn_winding_woodlands_center_triple_pond,
          nzn_winding_woodlands_5x15_sidewinder], layout_loops_corners,
          lair_entry_dummy, kennysheep_decorative_pillar, uniq_josephine
Temple:   regret_index_temple_mists

Skill      XL: |  1  2  3  4  5  6  7  8  9 10 11 12 13 |
---------------+----------------------------------------+-----
Fighting       | 1 2 5 6 |  6.4
Spellcasting   | 3 4 5 6 |  6.5
Ice Magic      | 5 6 7 8 9 |  9.1
Maces & Flails | 1 6 9 11 12 13 | 13.7
Transmutations | 3 6 9 11 | 11.3
Earth Magic    | 3 7 9 11 | 11.3
Evocations     | 1 3 |  3.0
Short Blades   | |  0.8
Dodging        | |  2.4
Stealth        | |  1.4

Action                   |  1- 3 |  4- 6 |  7- 9 | 10-12 | 13-15 || total
-------------------------+-------+-------+-------+-------+-------++-------
Melee: Dagger            |    25 |    20 |    16 |       |       ||    61
       Whip              |       |       |   149 |       |       ||   149
       Punch             |       |       |     5 |       |       ||     5
       Dire flail        |       |       |    66 |   104 |       ||   170
       Great mace        |       |       |       |   170 |    23 ||   193
 Cast: Freeze            |    37 |    19 |     9 |       |       ||    65
       Frozen Ramparts   |       |     9 |    25 |    24 |     1 ||    59
       Ozocubu's Armour  |       |     1 |    19 |    14 |       ||    34
       Statue Form       |       |       |       |    17 |     3 ||    20
Invok: Curse Item        |       |       |       |     4 |       ||     4
Evoke: Wand              |       |       |       |     1 |       ||     1
  Use: Scroll            |       |       |    17 |     4 |       ||    21
       Potion            |       |       |     6 |     3 |     1 ||    10
 Stab: Sleeping          |       |       |       |       |     1 ||     1
Armor: Robe              |     8 |    13 |    86 |    31 |       ||   138
       Skin              |       |       |       |   148 |    26 ||   174
Dodge: Dodged            |    18 |    20 |   108 |   218 |    32 ||   396

Table legend: (Time is in decaauts)
 A = Elapsed time spent in this place.
 B = Non-inter-level travel time spent in this place.
 C = Inter-level travel time spent in this place.
 D = Time resting spent in this place.
 E = Time spent auto-exploring this place.
 F = Levels seen in this place.
 G = Mean time per level.
                   A        B        C        D        E       F      G
               +--------+--------+--------+--------+--------+-----+--------+
         Total |   6371 |   6117 |    254 |     31 |   3734 |  14 |  455.1 |
       Dungeon |   5498 |   5274 |    224 |      0 |   3614 |  11 |  499.8 |
        Temple |    154 |    124 |     30 |      0 |    101 |   1 |  154.0 |
       Ossuary |    254 |    254 |      0 |      0 |     19 |   1 |  254.0 |
        Bailey |    464 |    464 |      0 |     31 |      0 |   1 |  464.0 |
               +--------+--------+--------+--------+--------+-----+--------+

Top non-repeatable levels by time:
     D:9: 701 daAuts
     D:7: 683 daAuts
    D:11: 628 daAuts
     D:6: 613 daAuts
    D:10: 593 daAuts
     D:5: 534 daAuts
     D:1: 513 daAuts
  Bailey: 464 daAuts
     D:2: 412 daAuts
     D:3: 359 daAuts
     D:8: 296 daAuts
 Ossuary: 254 daAuts
     D:4: 162 daAuts
  Temple: 154 daAuts
